 Dungeon Crawl Stone Soup version 0.30-b1-2-g02819fbbbe (webtiles) character file.

Game seed: 2625665824793944915

46 Arum the Shield-Bearer (level 3, -2/30 HPs)
             Began as a Formicid Fighter on May 12, 2023.
             Slain by a worm (8 damage)
             ... on level 2 of the Dungeon.
             The game lasted 00:02:20 (850 turns).

Arum the Shield-Bearer (Formicid Fighter)            Turns: 850, Time: 00:02:21

Health: -2/30      AC:  7    Str: 22    XL:     3   Next: 92%
Magic:  3/3        EV:  8    Int:  7    God:
Gold:   73         SH:  9    Dex: 13    Spells: 2/2 levels left

rFire   + . .        a - +0 flail
rCold   . . .        r - +0 kite shield
rNeg    . . .        b - +0 scale mail
rPois   .            (helmet unavailable)
rElec   .            (no cloak)
rCorr   .            (no gloves)
SInv    +            (no boots)
Will    .....        (no amulet) Stlth
                     n - ring of protection from fire
HPRegen 0.25/turn    (no ring)
MPRegen 0.08/turn

%: no passive effects
@: no status effects
A: permanent stasis, dig shafts and tunnels, antennae 3, four strong arms
a: Dig, Shaft Self


You were on level 2 of the Dungeon.
You visited 1 branch of the dungeon, and saw 2 of its levels.

You collected 73 gold pieces.

Inventory:

Hand Weapons
 a - a +0 flail (weapon)
Missiles
 i - 2 throwing nets
Armour
 b - a +0 scale mail (worn)
 r - a +0 kite shield (worn)
Jewellery
 n - a ring of protection from fire (left hand)
Scrolls
 e - 2 scrolls of identify {unknown}
 f - a scroll of vulnerability {unknown}
 j - 4 scrolls of teleportation {unknown}
 k - a scroll of enchant weapon {unknown}
 o - a scroll of noise {unknown}
Potions
 d - a potion of might
 g - a potion of ambrosia {unknown}
 h - a potion of flight {unknown}
 l - a potion of haste {unknown}
 m - 2 potions of heal wounds {unknown}
 p - 3 potions of cancellation {unknown}
 q - a potion of brilliance {unknown}


   Skills:
 + Level 3.7 Fighting
 + Level 2.5 Maces & Flails
 + Level 3.8 Armour
 + Level 4.6 Shields


You had 2 spell levels left.
You didn't know any spells.
Your spell library contained the following spells:

 Spells                   Type           Power      Damage    Failure   Level
 Chain Lightning          Conj/Air       0%         N/A       100%        9
 Fire Storm               Conj/Fire      0%         5d1       100%        9
 Shatter                  Erth           0%         3d5*      100%        9


Dungeon Overview and Level Annotations

Branches:
Dungeon (2/15)

Altars:


Innate Abilities, Weirdness & Mutations

You cannot be hasted, slowed, berserked, paralysed or teleported.
You can dig through walls and to a lower floor.
You have a pair of large antennae on your head. (SInv)
Your four strong arms can wield two-handed weapons with a shield.


Message History

You closely miss the hobgoblin. The hobgoblin hits you.
The hobgoblin hits you but does no damage.
The worm bites you.
You closely miss the hobgoblin. You block the hobgoblin's attack.
The worm bites you.
You closely miss the hobgoblin. The hobgoblin barely misses you.
You block the hobgoblin's attack.
You closely miss the hobgoblin. The worm bites you!
You block the hobgoblin's attack.
You are too injured to fight recklessly!
You are too injured to fight recklessly!
There are monsters nearby!
There are monsters nearby!
The hobgoblin attacks as you move away! You block the hobgoblin's attack.
The hobgoblin attacks as you move away! You block the hobgoblin's attack.
The hobgoblin attacks as you move away! You block the hobgoblin's attack.
The hobgoblin attacks as you move away! You block the hobgoblin's attack.
The hobgoblin attacks as you move away!
The hobgoblin hits you but does no damage.
You barely miss the hobgoblin. The hobgoblin hits you.
You closely miss the hobgoblin. You block the hobgoblin's attack. x2
You barely miss the hobgoblin. You block the hobgoblin's attack.
You sock the hobgoblin!
You kill the hobgoblin!
You hit the worm.
The worm is moderately wounded.
The worm closely misses you.
You barely miss the worm.
The worm is moderately wounded.
The worm closely misses you.
You thump the worm!
The worm is severely wounded.
You barely miss the worm.
The worm is severely wounded.
The worm bites you!
* * * LOW HITPOINT WARNING * * *
You barely miss the worm.
The worm is severely wounded.
The worm bites you!
You die...

#...........##
#......†###..###
#.###..............#
.(............###.#
###........###.†.#
#......###.....#
#....###.......#
####...###.....#
#########...w@###...#
#..$......###...###.#
............[†.###.....#
.....[.......†...###...#
..................?###.#
####.............### ..#
#...........###{ .##
#....)....### .
#.......... ..


You could see a worm.

Vanquished Creatures
  A worm (D:2)
  3 dart slugs
  6 ball pythons
  5 endoplasms (D:1)
  2 giant cockroaches (D:2)
  3 hobgoblins
  4 kobolds
  2 quokkas
  3 bats
  2 frilled lizards (D:1)
  2 goblins
  2 rats
35 creatures vanquished.

Notes
Turn   | Place    | Note
-------+----------+-------------------------------------------
     0 | D:1      | Arum the Formicid Fighter began the quest for the Orb.
     0 | D:1      | Reached XP level 1. HP: 18/18 MP: 1/1
     0 | D:1      | Noticed a merfolk
     1 | D:1      | Noticed a merfolk zombie
     3 | D:1      | Noticed a human
     6 | D:1      | Noticed a minotaur
     7 | D:1      | Noticed a minotaur skeleton
     8 | D:1      | Noticed a merfolk zombie
   128 | D:1      | Reached XP level 2. HP: 10/24 MP: 2/2
   402 | D:1      | Reached XP level 3. HP: 29/29 MP: 3/3
   850 | D:2      | Slain by a worm

Illustrated notes

Levels and vault maps discovered:
D:1:      shiori_arrival_whats_in_store_for_you, layout_rooms
D:2:      layout_basic, corner_web_ring, minmay_unequal

Action                     || total
---------------------------++-------
  Melee: Flail             ||   109
 Armour: Scale mail        ||    38
  Dodge: Dodged            ||    51
  Block: Buckler           ||    25
         Kite shield       ||    13
